 Dungeon Crawl Stone Soup version 0.29.1-12-g30fa7ad0bf (webtiles) character file.

Game seed: 15609644440769221209

7249 safid the Marksminotaur (level 10, -8/91 HPs)
             Began as a Minotaur Hunter on Dec 20, 2022.
             Was a Priest of Okawaru.
             Mangled by a two-headed ogre
             ... wielding a +0 giant club
              (16 damage)
             ... on level 9 of the Dungeon.
             The game lasted 00:15:43 (8592 turns).

safid the Marksminotaur (Minotaur Hunter)           Turns: 8592, Time: 00:15:44

Health: -8/91      AC: 12    Str: 16    XL:     10   Next: 88%
Magic:  11/11      EV: 14    Int: 13    God:    Okawaru [***...]
Gold:   483        SH:  5    Dex: 18    Spells: 9/9 levels left

rFire   . . .      SeeInvis .   y - +1 arbalest (flame)
rCold   + . .      Faith    .   (shield currently unavailable)
rNeg    . . .      Spirit   .   M - +3 troll leather armour
rPois   +          Reflect  +   (helmet restricted)
rElec   .          Harm     .   g - +1 cloak
rCorr   .          Rampage  +   (no gloves)
Will    .....                   j - +1 pair of boots
Stlth   ++........              o - amulet of Qegabesy {Reflect Rampage Int+7 SH+5}
HPRegen 1.05/turn               n - ring of protection from cold
MPRegen 0.12/turn               v - ring of poison resistance

@: about to teleport
A: horns 2, retaliatory headbutt
a: Renounce Religion, Heroism


You were on level 9 of the Dungeon.
You worshipped Okawaru.
Okawaru was most pleased with you.
You visited 2 branches of the dungeon, and saw 10 of its levels.
You also visited: Ossuary.

You collected 633 gold pieces.
You spent 150 gold pieces at shops.

Inventory:

Hand Weapons
 y - a +1 arbalest of flaming (weapon)
Armour
 g - a +1 cloak (worn)
 j - a +1 pair of boots (worn)
 M - a +3 troll leather armour (worn)
Jewellery
 a - a ring of ice
 d - a ring of fire
 n - a ring of protection from cold (left hand)
 o - the amulet of Qegabesy (around neck) {Reflect Rampage Int+7 SH+5}
   (You found it on level 2 of the Dungeon)

   [amulet of reflection]

   It reflects blocked missile attacks.
   Int:       It affects your intelligence (+7).
   SH:        It affects your SH (+5).
   Rampage:   It bestows one free step when moving towards enemies.
 v - a ring of poison resistance (right hand)
Wands
 l - a wand of flame (9)
 w - a wand of iceblast (16)
Scrolls
 b - 2 scrolls of poison
 e - 4 scrolls of butterflies
 i - 6 scrolls of blinking
 m - 3 scrolls of amnesia
 p - 2 scrolls of acquirement {unknown}
 q - a scroll of brand weapon {unknown}
 s - 2 scrolls of magic mapping
 t - 4 scrolls of enchant weapon
 u - 3 scrolls of vulnerability {unknown}
 z - a scroll of noise {unknown}
 A - 3 scrolls of fear {unknown}
 D - 3 scrolls of teleportation
 E - a scroll of silence {unknown}
 K - 2 scrolls of identify
 L - a scroll of summoning {unknown}
Potions
 c - 4 potions of cancellation {unknown}
 f - 4 potions of curing {unknown}
 h - a potion of ambrosia {unknown}
 k - 3 potions of lignification {unknown}
 r - 4 potions of flight {unknown}
 x - 4 potions of magic {unknown}
 B - 2 potions of attraction {unknown}
 F - 2 potions of invisibility {unknown}
 G - a potion of degeneration {unknown}
 H - a potion of berserk rage {unknown}
 I - a potion of heal wounds {unknown}
 J - a potion of haste {unknown}


   Skills:
 + Level 9.4 Fighting
 + Level 15.0 Ranged Weapons
 + Level 4.3 Armour
 + Level 4.7 Dodging
 - Level 1.0 Stealth
 + Level 3.6 Invocations


You had 9 spell levels left.
You didn't know any spells.
Your spell library contained the following spells:

 Spells                   Type           Power      Damage    Failure   Level
 Foxfire                  Conj/Fire      0%         2x1d4     36%         1
 Conjure Flame            Conj/Fire      0%         6-21      73%         3
 Gell's Gravitas          Tloc           0%         N/A       73%         3
 Inner Flame              Hex/Fire       0%         N/A       73%         3
 Ozocubu's Armour         Ice            0%         N/A       73%         3
 Teleport Other           Tloc           0%         N/A       73%         3
 Flame Wave               Conj/Fire      0%         2d4       98%         4
 Metabolic Englaciation   Hex/Ice        0%         N/A       100%        5
 Dispersal                Tloc           0%         N/A       100%        6
 Simulacrum               Ice/Necr       Unusable   N/A       N/A         6

Dungeon Overview and Level Annotations

Branches:
Dungeon (9/15)             Temple (1/1) D:5            Lair (0/5) D:8
Ossuary (visited)
    Orc: D:9-12

Altars:
Ashenzari
Cheibriados
Dithmenos
Elyvilon
Fedhas
Gozag
Hepliaklqana
Kikubaaqudgha
Makhleb
Nemelex Xobeh
Okawaru
Qazlal
Ru
Sif Muna
Trog
Uskayaw
Vehumet
Wu Jian
Xom
Yredelemnul
Zin
The Shining One

Shops:
D:2 (


Innate Abilities, Weirdness & Mutations

You have a pair of horns on your head.
You reflexively headbutt those who attack you in melee.


Message History

A two-headed ogre comes into view.
It is wielding a +0 giant club and a +0 giant spiked club.
The two-headed ogre shouts in stereo!
You hear two shouts!
You hear a shout! x2
You shoot a bolt. The bolt hits the two-headed ogre.
The bolt burns the two-headed ogre.
The two-headed ogre is lightly wounded.
The two-headed ogre misses you. You furiously retaliate!
You headbutt the two-headed ogre.
The two-headed ogre hits you with a +0 giant spiked club!!
A two-headed ogre comes into view. It is wielding two +0 giant clubs.
You shoot a bolt.
The bolt barely misses the two-headed ogre.
The two-headed ogre barely misses you. The two-headed ogre closely misses you.
You shoot a bolt. The bolt hits the two-headed ogre!!
The bolt burns the two-headed ogre.
The two-headed ogre is severely wounded.
The two-headed ogre closely misses you. The two-headed ogre barely misses you.
An orc comes into view. It is wielding a +0 club.
You shoot a bolt.
The bolt hits the two-headed ogre but does no damage.
The two-headed ogre is severely wounded.
You shoot a bolt. The bolt hits the two-headed ogre.
The bolt burns the two-headed ogre.
The two-headed ogre is severely wounded.
You hear a shout!
The two-headed ogre barely misses you.
The two-headed ogre hits you with a +0 giant spiked club!
The two-headed ogre attacks as you move away!
The two-headed ogre hits you with a +0 giant club! x2
You shoot a bolt. The bolt hits the two-headed ogre!
The bolt burns the two-headed ogre.
The two-headed ogre is moderately wounded.
The two-headed ogre hits you with a +0 giant club! x2
* * * LOW HITPOINT WARNING * * *
Unknown command.
As you read the scroll of teleportation, it crumbles to dust.
You feel strangely unstable.
The two-headed ogre hits you with a +0 giant club!!
* * * LOW HITPOINT WARNING * * *
The two-headed ogre hits you with a +0 giant club!
You die...

.## ##....##.##
#.###.######..##
##.#....# ##.#.##
....###.# #...#.#
.#### #.# ##...## .#
#.# ##.## .# #.#
#.#########.# .# #.#
#.##......... .## #.#
#.##@######..
..#####.#####(##O####
................Oo..#
#.#####..#######.##o#
..# #..# #.# .. #.#
#..# ... ##
#.#####..#####.....
.................##.
#.###.....>....#.# .#


You could see 2 two-headed ogres and an orc.

Vanquished Creatures
  A two-headed ogre (D:8)
  Amaemon (D:9)
  Pikel (D:5)
  2 deep elf pyromancers
  An orange demon (D:9)
  Maggie (D:9)
  A troll (D:9)
  A hornet (D:9)
  4 yaks (D:8)
  2 steam dragons
  A water moccasin (D:7)
  An orc warrior (D:9)
  A black bear (D:5)
  An ogre (D:5)
  3 ice beasts
  2 centaurs
  A lemure (D:5)
  A phantom (D:5)
  3 kobold brigands
  A bullfrog (D:9)
  A gnoll sergeant (D:7)
  4 scorpions
  2 necrophages
  A wight (Ossuary)
  A killer bee (D:9)
  3 howler monkeys (D:8)
  2 electric eels
  4 bullfrog zombies (Ossuary)
  2 hounds
  4 jellies
  A human zombie (Ossuary)
  5 orc priests
  2 gnoll boudas
  3 scorpion zombies (Ossuary)
  3 iguanas
  3 orc wizards
  An ogre zombie (Ossuary)
  7 adders
  25 gnolls
  2 shadow imps (D:6)
  4 adder zombies
  2 worms
  6 dart slugs
  22 orcs
  7 ball pythons
  6 bats
  8 endoplasms
  7 giant cockroaches
  3 gnoll zombies (Ossuary)
  5 goblins
  2 hobgoblins (D:2)
  2 jackals (D:2)
  19 kobolds
  7 quokkas
  6 frilled lizards
  6 goblin zombies
  2 hobgoblin zombies (Ossuary)
  2 orc zombies (Ossuary)
  A quokka zombie (D:7)
  5 rats
228 creatures vanquished.

Vanquished Creatures (others)
  8 plants
8 creatures vanquished.

Grand Total: 236 creatures vanquished

Notes
Turn   | Place    | Note
-------+----------+-------------------------------------------
     0 | D:1      | safid the Minotaur Hunter began the quest for the Orb.
     0 | D:1      | Reached XP level 1. HP: 18/18 MP: 0/0
    74 | D:1      | Reached XP level 2. HP: 26/26 MP: 1/1
   431 | D:1      | Reached XP level 3. HP: 31/31 MP: 2/2
   678 | D:1      | Reached skill level 5 in Ranged Weapons
   713 | D:1      | Found a faded altar of an unknown god.
  1075 | D:2      | Identified the amulet of Qegabesy {Reflect Rampage Int+7
                  | SH+5}
  1155 | D:2      | Reached XP level 4. HP: 37/40 MP: 3/3
  1225 | D:2      | Found Zyxt's Antique Weapon Shoppe.
  1488 | D:3      | Found a shadowy altar of Dithmenos.
  1492 | D:3      | Found a glowing golden altar of the Shining One.
  1494 | D:3      | Found a bloodstained altar of Trog.
  1861 | D:3      | Reached XP level 5. HP: 23/47 MP: 4/4
  2087 | D:3      | Reached skill level 5 in Fighting
  2087 | D:3      | Reached skill level 6 in Ranged Weapons
  2106 | D:3      | Found a shimmering blue altar of Sif Muna.
  2253 | D:2      | Bought a runed arbalest for 150 gold pieces
  2598 | D:3      | Reached XP level 6. HP: 50/57 MP: 5/5
  2876 | D:4      | You fall into a shaft and drop 1 floor!
  2876 | D:5      | Entered Level 5 of the Dungeon
  3247 | D:4      | Reached skill level 7 in Ranged Weapons
  3308 | D:4      | Identified the amulet "Xiam" {Reflect rF- MP+9 Str+4 SH+5}
  3347 | D:4      | Found a basalt altar of Yredelemnul.
  3535 | D:4      | Reached XP level 7. HP: 64/64 MP: 6/6
  3704 | D:4      | Found an opulent altar of Gozag.
  4081 | D:5      | Reached skill level 8 in Ranged Weapons
  4314 | D:5      | Reached XP level 8. HP: 74/74 MP: 7/7
  4365 | D:5      | Noticed Pikel
  4373 | D:5      | Killed Pikel
  4374 | D:5      | Reached skill level 10 in Ranged Weapons
  4578 | D:5      | Found a staircase to the Ecumenical Temple.
  4589 | Temple   | Entered the Ecumenical Temple
  4862 | D:6      | Found a radiant altar of Vehumet.
  4983 | D:6      | Reached skill level 11 in Ranged Weapons
  5010 | D:6      | Found a glowing silver altar of Zin.
  5192 | D:6      | Found a snail-covered altar of Cheibriados.
  5294 | D:6      | Identified the +6 mace of Gozag's Benevolence {antimagic,
                  | Int+3}
  5546 | D:7      | Reached XP level 9. HP: 81/81 MP: 8/8
  5551 | D:7      | Found a sand-covered staircase.
  5561 | Ossuary  | Entered an ossuary
  5615 | Ossuary  | Reached skill level 12 in Ranged Weapons
  5691 | Ossuary  | Noticed a silent spectre
  6123 | D:7      | Reached skill level 13 in Ranged Weapons
  6599 | D:8      | Found a sacrificial altar of Ru.
  6799 | D:8      | Found an ancient bone altar of Kikubaaqudgha.
  7014 | D:8      | Noticed a deep elf pyromancer
  7020 | D:8      | Killed a deep elf pyromancer
  7021 | D:8      | Reached skill level 14 in Ranged Weapons
  7279 | D:8      | Found a burning altar of Makhleb.
  7280 | D:8      | Found an iron altar of Okawaru.
  7282 | D:8      | Found a sparkling altar of Nemelex Xobeh.
  7283 | D:8      | Found a shimmering altar of Xom.
  7283 | D:8      | Found a blossoming altar of Fedhas.
  7284 | D:8      | Found a broken altar of Ashenzari.
  7284 | D:8      | Found a hide-covered altar of Uskayaw.
  7285 | D:8      | Found a stormy altar of Qazlal.
  7288 | D:8      | Became a worshipper of Warmaster Okawaru
  7338 | D:8      | Reached XP level 10. HP: 88/88 MP: 9/9
  7390 | D:8      | Found a white marble altar of Elyvilon.
  7409 | D:8      | Found a staircase to the Lair.
  7487 | D:8      | Noticed a two-headed ogre
  7494 | D:8      | Killed a two-headed ogre
  7494 | D:8      | Reached * piety under Okawaru
  7495 | D:8      | Reached skill level 1 in Armour
  7495 | D:8      | Reached skill level 1 in Stealth
  7495 | D:8      | Reached skill level 1 in Invocations
  7638 | D:8      | Found an ornate altar of the Wu Jian Council.
  7803 | D:9      | Noticed a deep elf pyromancer
  7806 | D:9      | Killed a deep elf pyromancer
  7811 | D:9      | Reached ** piety under Okawaru
  7832 | D:9      | Noticed Amaemon
  7837 | D:9      | Noticed an orange demon
  7839 | D:9      | Killed Amaemon
  7845 | D:9      | Killed an orange demon
  8025 | D:9      | Reached *** piety under Okawaru
  8368 | D:9      | Noticed Maggie
  8370 | D:9      | Killed Maggie
  8371 | D:9      | Reached skill level 15 in Ranged Weapons
  8584 | D:9      | Noticed a two-headed ogre
  8585 | D:9      | Noticed a two-headed ogre
  8592 | D:9      | Mangled by a two-headed ogre

Illustrated notes

Levels and vault maps discovered:
D:1:      ncdulo_watergridlock, layout_loops_ring,
          hellmonk_ecumenical_altar_inner_sanctum
D:2:      layout_loops_cross, serial_shops, nicolae_shop_overgrown_old_shop
D:3:      layout_rooms, led_sif_book, minitemple, hangedman_decor_riveting,
          st_stairs_13, dreamdust_wishing_well
D:4:      layout_basic, mainiacjoe_overflow_surrounded_room,
          lemuel_zombie_altar_yredelemnul
D:5:      layout_basic, minmay_temple_entry_crystal_x, uniq_pikel
D:6:      layout_loops_cross, zin_academy,
          mainiacjoe_overflow_concentric_impassable, slow_altar_2
D:7:      layout_loops_cross, enter_ossuary_4, kennysheep_flooded_box
D:8:      layout_loops_ring, nicolae_wu_jian_wuxing_cycle,
          mainiacjoe_overflow_24_doors, hangedman_ru_absence,
          nicolae_overflow_crystal_walls, grunt_temple_overflow_open,
          lair_entry_dummy, serial_bayou_ford_a
D:9:      layout_loops_ring, minivault_23, serial_bayou_pond_b, uniq_maggie,
          uniq_amaemon
Temple:   ebering_the_one_and_only

Skill      XL: |  1  2  3  4  5  6  7  8  9 10 |
---------------+-------------------------------+-----
Fighting       | 3 4 5 6 8 9 |  9.4
Ranged Weapons | 5 6 7 8 11 14 15 | 15.0
Armour         | 4 |  4.3
Stealth        | 1 |  1.0
Invocations    | 3 |  3.6
Dodging        | 4 |  4.7

Action                   |  1- 3 |  4- 6 |  7- 9 | 10-12 || total
-------------------------+-------+-------+-------+-------++-------
 Fire: Shortbow          |    91 |   118 |       |       ||   209
       Arbalest          |       |    75 |   233 |    69 ||   377
Invok: Heroism           |       |       |       |     1 ||     1
  Use: Scroll            |       |       |     9 |     4 ||    13
Armor: Leather armour    |     9 |    23 |       |       ||    32
       Scale mail        |       |     5 |    50 |    12 ||    67
Dodge: Dodged            |    28 |    75 |    67 |    24 ||   194
Block: Other             |     1 |    26 |    26 |     6 ||    59
       Reflection        |       |     1 |     2 |     2 ||     5
